 Dungeon Crawl Stone Soup version 0.29-a0-613-gf2c431b9b9 (webtiles) character file.

Game seed: 16984165662920743206

42 Vylera the Skirmisher (level 3, -1/26 HPs)
             Began as an Octopode Abyssal Knight on June 17, 2022.
             Was a Believer of Lugonu.
             Slain by a quokka (3 damage)
             ... on level 2 of the Dungeon.
             The game lasted 00:02:22 (1125 turns).

Vylera the Skirmisher (Octopode Abyssal Knight)     Turns: 1125, Time: 00:02:23

Health: -1/26      AC:  1    Str: 12    XL:     3   Next: 56%
Magic:  5/5        EV: 13    Int: 12    God:    Lugonu [**....]
Gold:   70         SH:  0    Dex: 14    Spells: 2/2 levels left

rFire   . . .      SeeInvis .   a - +1 falchion
rCold   . . .      Faith    .   (no shield)
rNeg    . . .      Spirit   .   (helmet restricted)
rPois   .          Reflect  .   (no amulet)
rElec   .          Harm     .   (no ring)
rCorr   .          Rampage  .   (no ring)
Will    .....                   (no ring)
Stlth   ++........              (no ring)
HPRegen 0.08/turn               (no ring)
MPRegen 0.09/turn               (no ring)
                                (no ring)
                                (no ring)

@: no status effects
A: almost no armour, amphibious, 8 rings, camouflage 1, gelatinous body 1,
(nimble swimmer 1), tentacles
a: Renounce Religion, Depart the Abyss, Bend Space


You were on level 2 of the Dungeon.
You worshipped Lugonu.
Lugonu was pleased with you.
You visited 1 branch of the dungeon, and saw 2 of its levels.
You visited the Abyss 1 time.

You collected 70 gold pieces.

Inventory:

Hand Weapons
 a - a +1 falchion (weapon)
Scrolls
 c - a scroll of identify {unknown}
 g - 2 scrolls of vulnerability {unknown}
 h - a scroll of teleportation {unknown}
 k - a scroll of torment {unknown}
Potions
 b - a potion of heal wounds {unknown}
 d - a potion of invisibility {unknown}
 e - a potion of curing {unknown}
 f - a potion of might {unknown}
 i - 2 potions of haste {unknown}
 j - a potion of degeneration {unknown}


   Skills:
 - Level 3.1 Fighting
 + Level 2.8 Long Blades
 - Level 2.5 Dodging
 + Level 3.0 Invocations


You had 2 spell levels left.
You didn't know any spells.
Your spell library was empty.

Dungeon Overview and Level Annotations

Branches:
Dungeon (2/15)

Altars:


Innate Abilities, Weirdness & Mutations

You cannot wear most types of armour.
You are amphibious.
You can wear up to eight rings at the same time.
Your skin changes colour to match your surroundings (Stealth+).
Your rubbery body absorbs attacks. (AC +1, EV +1)
((You are camouflaged when in or above water. (Stealth+)))
You have tentacles for arms and can constrict up to eight enemies at once.


Message History

A ball python is nearby!
A kobold and an adder come into view.
A quokka comes into view.
The ball python hisses angrily.
The kobold shouts!
The adder hisses angrily.
You hear an angry hiss.
Found a stone staircase leading down.
An adder comes into view.
The kobold hits you but does no damage.
You closely miss the ball python. You grab the ball python.
You squeeze the ball python.
You kill the ball python!
Lugonu accepts your kill. The kobold hits you with a +0 whip.
You barely miss the kobold. Your grab misses the kobold.
The kobold closely misses you. The adder closely misses you.
You hit the adder but do no damage. Your grab misses the adder.
The kobold hits you with a +0 whip. The adder misses you.
The quokka misses you.
You slash the adder! Your grab misses the adder.
The adder is severely wounded.
The adder barely misses you. The quokka barely misses you.
The kobold hits you with a +0 whip. The adder bites you. The quokka bites you.
The adder bites you.
You closely miss the adder. You grab the adder.
You squeeze the adder, but do no damage.
The adder is severely wounded.
You constrict the adder. The kobold hits you with a +0 whip.
The adder misses you. The adder barely misses you. The quokka bites you.
* * * LOW HITPOINT WARNING * * *
The kobold barely misses you.
You barely miss the adder. You squeeze the adder.
You kill the adder!
Lugonu accepts your kill. The adder bites you but does no damage.
The quokka bites you.
* * * LOW HITPOINT WARNING * * *
The kobold barely misses you.
Your Invocations skill increases to level 3!
You closely miss the adder. Your grab misses the adder. The adder misses you.
The quokka bites you.
You die...

....#...# ####.## .. .##
##..## ...#...##.
#######....## >.........
#.......##... .........#
#.....[###### .........#
#......# #.
.........###......####..
......S†.##.............
#..K@....##.......###
#.....r.#......##.####
#.....####.....##...
#..... #.....# ####
#.... ##...># #....
#....# #... #....# ####
#....# #...(#


You could see an adder, a quokka and a kobold.

Vanquished Creatures
  2 adders (D:2)
  2 ball pythons
  2 endoplasms (D:1)
  4 goblins (D:1)
  3 hobgoblins (D:1)
  2 kobolds
  A quokka (D:1)
  3 bats (D:1)
  A frilled lizard (D:1)
  3 rats
23 creatures vanquished.

Notes
Turn   | Place    | Note
-------+----------+-------------------------------------------
     0 | Abyss:1  | Vylera the Octopode Abyssal Knight began the quest for the
                  | Orb.
     0 | Abyss:1  | Reached XP level 1. HP: 16/16 MP: 2/2
    64 | Abyss:1  | Noticed a quasit
    94 | Abyss:1  | Noticed a tentacled starspawn
   102 | Abyss:1  | Noticed a small abomination
   104 | Abyss:1  | Noticed a spatial maelstrom
   104 | Abyss:1  | Noticed a spatial vortex
   106 | D:1      | Escaped the Abyss
   184 | D:1      | Reached XP level 2. HP: 16/21 MP: 3/3
   935 | D:2      | Reached XP level 3. HP: 23/26 MP: 3/5
  1125 | D:2      | Slain by a quokka

Illustrated notes

Levels and vault maps discovered:
D:1:      minmay_arrival_four_loops, layout_basic
D:2:      layout_rooms, minivault_27, uniq_crazy_yiuf_cottage, uniq_jessica

Skill      XL: |  1  2  3 |
---------------+----------+-----
Invocations    | 3 |  3.0
Fighting       | |  3.1
Long Blades    | |  2.8
Dodging        | |  2.5

Action                   || total
-------------------------++-------
Melee: Falchion          ||    47
       Constrict         ||    11
       Tentacles         ||     6
Invok: Depart the Abyss  ||     1
 Stab: Sleeping          ||     4
Armor: Skin              ||     5
Dodge: Dodged            ||    35

Table legend: (Time is in decaauts)
 A = Elapsed time spent in this place.
 B = Non-inter-level travel time spent in this place.
 C = Inter-level travel time spent in this place.
 D = Time resting spent in this place.
 E = Time spent auto-exploring this place.
 F = Levels seen in this place.
 G = Mean time per level.
                   A        B        C        D        E       F      G
               +--------+--------+--------+--------+--------+-----+--------+
         Total |   1132 |   1123 |      9 |      0 |    922 |   3 |  377.3 |
       Dungeon |   1026 |   1017 |      9 |      0 |    858 |   2 |  513.0 |
         Abyss |    106 |    106 |      0 |      0 |     64 |   1 |  106.0 |
               +--------+--------+--------+--------+--------+-----+--------+

Top non-repeatable levels by time:
     D:1: 827 daAuts
     D:2: 199 daAuts
 Abyss:1: 106 daAuts
